 Dungeon Crawl Stone Soup version 0.26.1-11-gd32895ea62 (webtiles) character file.

Game seed: 11070453018936525649

136 Kukuleta the Conjurer (level 4, -3/33 HPs)
             Began as a Draconian Conjurer on June 29, 2021.
             Slain by an ice beast (9 damage)
             ... on level 3 of the Dungeon.
             The game lasted 00:10:52 (3748 turns).

Kukuleta the Conjurer (Draconian Conjurer)          Turns: 3748, Time: 00:10:52

Health: -3/33      AC:  5    Str:  9    XL:     4   Next: 98%
Magic:  2/9        EV: 12    Int: 19    God:
Gold:   109        SH:  0    Dex: 10    Spells: 6/9 levels left

rFire    . . .     SeeInvis .   d - +0 halberd
rCold    . . .     Faith    .   (shield currently unavailable)
rNeg     . . .     Spirit   .   (armour unavailable)
rPois    .         Reflect  .   (helmet restricted)
rElec    .         Harm     .   (no cloak)
rCorr    .         Rampage  .   (no gloves)
Will     .....                  (no boots)
Stlth    ++........             (no amulet)
HPRegen  0.11/turn              (no ring)
MPRegen  0.11/turn              (no ring)

@: no status effects
A: unfitting armour, cold-blooded, AC +5
a: no special abilities


You were on level 3 of the Dungeon.
You visited 1 branch of the dungeon, and saw 3 of its levels.

You collected 109 gold pieces.

Inventory:

Hand Weapons
 b - a +0 club
 d - a +0 halberd (weapon)
 g - a +2 dagger of flaming
Jewellery
 f - an uncursed ring of see invisible {unknown}
Wands
 q - a wand of paralysis (10)
 s - a wand of polymorph (6)
Scrolls
 a - 2 scrolls of enchant armour {unknown}
 e - a scroll of identify {unknown}
 i - a scroll of teleportation {unknown}
 k - 2 scrolls of magic mapping {unknown}
 l - a scroll of random uselessness {unknown}
 r - a scroll of fear {unknown}
Potions
 c - 2 potions of heal wounds {unknown}
 h - a potion of haste {unknown}
 j - a potion of lignification {unknown}
 m - a potion of might {unknown}
 n - 2 potions of brilliance {unknown}
 o - a potion of flight {unknown}
 p - a potion of curing {unknown}


   Skills:
 + Level 1.6 Polearms
 - Level 1.7 Dodging
 - Level 1.7 Stealth
 + Level 3.4 Spellcasting
 + Level 5.1 Conjurations


You had 6 spell levels left.
You knew the following spells:

 Your Spells              Type           Power        Failure   Level
a - Magic Dart            Conj           88%          1%          1
b - Searing Ray           Conj           44%          2%          2

Your spell library contained the following spells:

 Spells                   Type           Power        Failure   Level
 Dazzling Flash           Conj/Hex       24%          16%         3
 Fulminant Prism          Conj/Hex       6%           45%         4
 Iskenderun's Mystic Bla  Conj/Tloc      12%          45%         4


Dungeon Overview and Level Annotations

Branches:
Dungeon (3/15)

Altars:


Innate Abilities, Weirdness & Mutations

Your plain brown scales are hard. (AC +5)
You cannot fit into any form of body armour.
You are cold-blooded and may be slowed by cold attacks.


Message History

The ice beast is severely wounded.
The ice beast hits you. The ice beast freezes you!
The searing ray hits the ice beast.
The ice beast is almost dead.
The ice beast barely misses you.
Without enough magic to sustain it, your searing ray dissipates.
The ice beast hits you but does no damage.
You barely miss the ice beast.
You tail-slap the ice beast, but do no damage.
The ice beast is almost dead.
The ice beast hits you. The ice beast freezes you!
You feel yourself slow down.
* * * LOW HITPOINT WARNING * * *
The ice beast barely misses you.
Your magical contamination has completely faded away.
Found an escape hatch in the ceiling.
You feel yourself speed up. The ice beast hits you.
* * * LOW HITPOINT WARNING * * *
The ice beast freezes you!
You die...

......###.......................#
......####......................#
###....###...........#...........
#.......##...........#...........
#.......##...........#....[......
#....................#...........
.....................#...........
.....................#...........
......##.......Y@....#######.....
......##..........#.##...........
..................#..............
..................#..............
..................#.........#....
....................#............
.................................
##..................#............
#................# ###..........


You could see an ice beast.

Vanquished Creatures
  Robin (D:2)
  2 adders (D:3)
  2 gnolls (D:1)
  An ooze (D:1)
  2 worms (D:3)
  4 dart slugs
  5 leopard geckos
  A giant cockroach (D:3)
  11 goblins
  8 hobgoblins
  2 jackals (D:1)
  5 bats
  8 frilled lizards
  10 kobolds
  8 rats
70 creatures vanquished.

Notes
Turn   | Place    | Note
-------+----------+-------------------------------------------
     0 | D:1      | Kukuleta the Draconian Conjurer began the quest for the
                  | Orb.
     0 | D:1      | Reached XP level 1. HP: 14/14 MP: 3/3
   356 | D:1      | Reached XP level 2. HP: 20/20 MP: 3/5
   466 | D:1      | Learned a level 2 spell: Searing Ray
   963 | D:1      | Reached XP level 3. HP: 26/26 MP: 5/7
  1925 | D:2      | Noticed Robin
  2286 | D:2      | Killed Robin
  2287 | D:2      | Reached skill level 1 in Polearms
  2287 | D:2      | Reached XP level 4. HP: 30/33 MP: 1/8
  3074 | D:3      | Reached skill level 5 in Conjurations
  3730 | D:3      | Noticed an ice beast
  3748 | D:3      | Slain by an ice beast

Illustrated notes

Levels and vault maps discovered:
D:1:      tarquinn_simple_flora_water_d, layout_loops_corners,
          wander_ebering_terrifying_dragon_lair
D:2:      layout_basic, uniq_robin
D:3:      layout_basic

Skill      XL: |  1  2  3  4 |
---------------+-------------+-----
Spellcasting   | 3 |  3.4
Polearms       | 1 |  1.6
Conjurations   | 5 |  5.1
Dodging        | |  1.7
Stealth        | |  1.7

Action                   |  1- 3 |  4- 6 || total
-------------------------+-------+-------++-------
Melee: Unarmed           |     1 |       ||     1
       Club              |    12 |       ||    12
       Tailslap          |     4 |     4 ||     8
       Halberd           |    14 |    52 ||    66
 Cast: Magic Dart        |    52 |    54 ||   106
       Searing Ray       |     5 |     2 ||     7
 Stab: Sleeping          |       |     1 ||     1
Armor: Skin              |    15 |    18 ||    33
Dodge: Dodged            |    25 |    41 ||    66
